 Dungeon Crawl Stone Soup version 0.27-a0-498-g7ecbb0a48f (webtiles) character file.

Game seed: 13511316452021182473

205 HoaS the Ruffian (level 5, -2/41 HPs)
             Began as a Demigod Gladiator on Mar 2, 2021.
             Slain by Pikel
             ... wielding a +1 whip of flaming
              (4 damage)
             ... on level 4 of the Dungeon.
             The game lasted 00:05:22 (3232 turns).

HoaS the Ruffian (Demigod Gladiator)                Turns: 3232, Time: 00:05:22

Health: -2/41      AC:  9    Str: 19    XL:     5   Next: 27%
Magic:  7/7        EV:  8    Int: 10    God:
Gold:   98         SH:  0    Dex: 15    Spells: 4/4 levels left

rFire    . . .     SeeInvis .     - Unarmed
rCold    . . .     Faith    .   (no shield)
rNeg     . . .     Spirit   .   g - +0 chain mail
rPois    .         Reflect  .   b - +0 helmet
rElec    .         Harm     .   (no cloak)
rCorr    .         Rampage  .   (no gloves)
Will     .....                  (no boots)
Stlth    ..........             (no amulet)
HPRegen  0.13/turn              (no ring)
MPRegen  0.10/turn              (no ring)

@: no status effects
A: high mp 1
a: no special abilities


You were on level 4 of the Dungeon.
You visited 1 branch of the dungeon, and saw 4 of its levels.

You collected 98 gold pieces.

Inventory:

Missiles
 c - a throwing net (quivered)
 d - 2 boomerangs of dispersal
Armour
 b - a +0 helmet (worn)
 g - a +0 chain mail (worn)
Scrolls
 l - a scroll of blinking {unknown}
Potions
 a - 2 potions of flight
 e - a potion of ambrosia
 f - 3 potions of curing
 h - a potion of degeneration {unknown}
 j - a potion of attraction {unknown}


   Skills:
 - Level 1.7 Fighting
 - Level 1.7 Throwing
 - Level 2.6 Dodging
 + Level 5.7 Unarmed Combat


You had 4 spell levels left.
You didn't know any spells.
Your spell library was empty.

Dungeon Overview and Level Annotations

Branches:
Dungeon (4/15)
 Temple: D:4-7

Annotations:
D:4 Pikel


Innate Abilities, Weirdness & Mutations

You have an increased reservoir of magic. (+10% MP)


Message History

Throw: 2 throwing nets
Press: ? - help, Shift-Dir - straight line, f/p - Pikel
Aim: Pikel, wielding a +1 whip of flaming and wearing a +0 robe (moderately wounded, 47% to hit)
You throw a throwing net. The throwing net hits Pikel.
Pikel is caught in the net!
Pikel is moderately wounded.
The lemure hits you.
Okay, then.
You hit Pikel.
Pikel is moderately wounded.
Pikel struggles against the net.
The lemure misses you.
You hit Pikel but do no damage.
Pikel is moderately wounded.
Pikel struggles against the net.
The lemure hits you.
You hit Pikel but do no damage.
Pikel is moderately wounded.
Pikel struggles against the net.
The lemure closely misses you.
You catch the helpless Pikel completely off-guard!
You hit Pikel but do no damage.
Pikel is moderately wounded.
Pikel struggles against the net.
The lemure closely misses you.
You punch Pikel!
Pikel is heavily wounded.
Pikel struggles against the net.
The lemure hits you.
* * * LOW HITPOINT WARNING * * *
You catch the helpless Pikel completely off-guard!
You hit Pikel but do no damage.
Pikel is heavily wounded.
Pikel drinks a potion.
Pikel is healed!
Pikel struggles against the net.
The net rips apart, and Pikel comes free!
The lemure hits you.
* * * LOW HITPOINT WARNING * * *
You barely miss Pikel.
Pikel is moderately wounded.
You barely miss Pikel.
Pikel is moderately wounded.
The lemure hits you.
* * * LOW HITPOINT WARNING * * *
Pikel hits you with a +1 whip of flaming.
You die...

#.####..##.
#. .# ## ..
#. #### #..
#.# #@#
#5K5.#
######


You could see Pikel and 2 lemures.

Vanquished Creatures
  Natasha (thrice) (D:2)
  An orc wizard (D:2)
  4 gnolls (D:3)
  2 dart slugs (D:1)
  2 leopard geckos (D:1)
  7 orcs
  6 bats
  A giant cockroach (D:2)
  4 goblins
  4 hobgoblins
  5 jackals
  5 kobolds
  2 quokkas
  6 frilled lizards
  4 rats
56 creatures vanquished.

Notes
Turn   | Place    | Note
-------+----------+-------------------------------------------
     0 | D:1      | HoaS the Demigod Gladiator began the quest for the Orb.
     0 | D:1      | Reached XP level 1. HP: 17/17 MP: 3/3
    71 | D:1      | Reached skill level 3 in Unarmed Combat
    88 | D:1      | Reached XP level 2. HP: 11/24 MP: 4/4
   858 | D:2      | Reached XP level 3. HP: 29/29 MP: 5/5
   869 | D:2      | Noticed Natasha
   883 | D:2      | Killed Natasha
   884 | D:2      | Reached skill level 4 in Unarmed Combat
  1230 | D:2      | Noticed Natasha
  1254 | D:2      | Killed Natasha
  1255 | D:2      | Reached XP level 4. HP: 20/36 MP: 6/6
  1673 | D:2      | Noticed Natasha
  1680 | D:2      | Killed Natasha
  1681 | D:2      | Reached skill level 5 in Unarmed Combat
  2479 | D:3      | Reached XP level 5. HP: 39/41 MP: 7/7
  2614 | D:3      | Found a basalt altar of Yredelemnul.
  2969 | D:3      | Found a hazy altar of Hepliaklqana.
  3215 | D:4      | Noticed Pikel
  3232 | D:4      | HP: 2/41 [lemure[Pikel] (5)]
  3232 | D:4      | Slain by Pikel

Illustrated notes

Levels and vault maps discovered:
D:1:      dpeg_arrival_pits, layout_rooms, minmay_misc_feat_rugged
D:2:      layout_basic, hex_tiny, uniq_natasha
D:3:      layout_loops_cross, nzn_hepliaklqana_mist_gate,
          yredelemnul_altar_generic
D:4:      minmay_wonky_spiral, layout_basic, kennysheep_little_box,
          kennysheep_mini, uniq_blork_the_orc, uniq_pikel

Skill      XL: |  1  2  3  4 |
---------------+-------------+-----
Unarmed Combat | 3 4 5 |  5.7
Fighting       | |  1.7
Throwing       | |  1.7
Dodging        | |  2.6

Action                   |  1- 3 |  4- 6 || total
-------------------------+-------+-------++-------
Melee: Unarmed           |   119 |   129 ||   248
       Punch             |     2 |     4 ||     6
Throw: Throwing net      |       |     2 ||     2
  Use: Scroll            |     3 |     6 ||     9
 Stab: Sleeping          |     1 |       ||     1
       Held in net/web   |       |     2 ||     2
Armor: Leather armour    |    25 |       ||    25
       Chain mail        |    17 |    75 ||    92
Dodge: Dodged            |    69 |    59 ||   128

Table legend: (Time is in decaauts)
 A = Elapsed time spent in this place.
 B = Non-inter-level travel time spent in this place.
 C = Inter-level travel time spent in this place.
 D = Time resting spent in this place.
 E = Time spent auto-exploring this place.
 F = Levels seen in this place.
 G = Mean time per level.
                   A        B        C        D        E       F      G
               +--------+--------+--------+--------+--------+-----+--------+
         Total |   3211 |   3129 |     82 |   1064 |   1518 |   4 |  802.8 |
       Dungeon |   3211 |   3129 |     82 |   1064 |   1518 |   4 |  802.8 |
               +--------+--------+--------+--------+--------+-----+--------+

Top non-repeatable levels by time:
     D:2: 1244 daAuts
     D:3: 1099 daAuts
     D:1: 840 daAuts
     D:4: 26 daAuts
